 Dungeon Crawl Stone Soup version 0.19-a0-1697-g0595f0e (webtiles) character file.

25 dvd the Stinger (level 3, -2/21 HPs)
             Began as an Octopode Venom Mage on Sept 26, 2016.
             Slain by a worker ant (5 damage)
             ... on level 1 of the Dungeon.
             The game lasted 00:02:18 (1167 turns).

dvd the Stinger (Octopode Venom Mage)               Turns: 1167, Time: 00:02:20

Health: -2/21      AC:  2    Str:  7    XL:     3   Next: 4%
Magic:  1/6        EV: 13    Int: 18    God:
Gold:   44         SH:  0    Dex: 12    Spells: 1 memorised, 5 levels left

rFire  . . .     SeeInvis .     a - +0 dagger
rCold  . . .     Gourm    .     (no shield)
rNeg   . . .     Faith    .     (helmet restricted)
rPois  +         Spirit   .     (no amulet)
rElec  .         Dismiss  .     k - ring of poison resistance
rCorr  .         Reflect  .     (no ring)
MR     .....     Harm     .     (no ring)
Stlth  +++.......               (no ring)
                                (no ring)
                                (no ring)
                                (no ring)
                                (no ring)

@: very slightly contaminated
A: almost no armour, stealthy swim, amphibious, 8 rings, constrict 8, camouflage
1, gelatinous body 1
a: no special abilities


You were on level 1 of the Dungeon.
You were not hungry.

You visited 1 branch of the dungeon, and saw 1 of its levels.

You collected 44 gold pieces.

Inventory:

Hand Weapons
 a - a +0 dagger (weapon)
 d - a +0 short sword
Missiles
 j - 6 tomahawks (quivered)
Jewellery
 k - a ring of poison resistance (left tentacle)
Scrolls
 c - 2 scrolls of amnesia {unknown}
 e - a scroll of immolation {unknown}
 f - 2 scrolls of identify {unknown}
 i - a scroll of teleportation {unknown}
Potions
 g - a potion of brilliance {unknown}
Books
 h - a Young Poisoner's Handbook

   Spells                             Type                      Level
   a - Sting                          Conjuration/Poison           1
   b - Mephitic Cloud                 Conjuration/Poison/Air       3
   c - Olgreb's Toxic Radiance        Poison                       4
   d - Alistair's Intoxication        Transmutation/Poison         5
   e - Venom Bolt                     Conjuration/Poison           5
Comestibles
 b - a bread ration
 l - a chunk of flesh


   Skills:
 + Level 0.2 Fighting
 + Level 2.1 Dodging
 + Level 2.9 Stealth
 + Level 0.2 Unarmed Combat
 + Level 2.3 Spellcasting
 + Level 0.2 Conjurations
 + Level 5.3 Poison Magic


You had 5 spell levels left.
You knew the following spells:

 Your Spells              Type           Power        Failure   Level  Hunger
a - Sting                 Conj/Pois      ##..         8%          1    #......


Dungeon Overview and Level Annotations

Branches:
Dungeon (1/15)

Altars:


Innate Abilities, Weirdness & Mutations

You cannot wear most types of armour.
You are very stealthy in the water.
You are amphibious.
You can wear up to eight rings at the same time.
You can use your tentacles to constrict eight enemies at once.
Your skin changes colour to match your surroundings (Stealth+).
Your rubbery body absorbs attacks. (AC +1, EV +1)


Message History

Confirm with . or Enter, or press ? or * to list all spells.
Aiming: Sting
Press: ? - help, Shift-Dir - straight line, f/p - worker ant
Aim: a worker ant (severely wounded)
The sting misses the worker ant.
The worker ant misses you. The worker ant misses you.
Casting: Sting
Confirm with . or Enter, or press ? or * to list all spells.
Aiming: Sting
Press: ? - help, Shift-Dir - straight line, f/p - worker ant
Aim: a worker ant (severely wounded)
The sting hits the worker ant.
The worker ant appears unharmed.
The worker ant is severely wounded.
The worker ant closely misses you. The worker ant barely misses you.
You hit the worker ant but do no damage.
Your grab misses the worker ant.
The worker ant is severely wounded.
The worker ant bites you.
You die...

# #.# #.## #.#. #...
.# ######.#..
..####.# ..#......#
#.##.#....#
........## #........#
#.#.###.#######.#####
# #.......#.#
#.#########.#.#
#...@a........#
###########.#.# #.#.#
#.### ###


You could see a worker ant.

Vanquished Creatures
  2 dart slugs (D:1)
  2 leopard geckos (D:1)
  A bat (D:1)
  2 giant cockroaches (D:1)
  A goblin (D:1)
  A hobgoblin (D:1)
  4 kobolds (D:1)
  3 frilled lizards (D:1)
  2 rats (D:1)
18 creatures vanquished.

Notes
Turn   | Place    | Note
-------+----------+-------------------------------------------
     0 | D:1      | dvd the Octopode Venom Mage began the quest for the Orb.
     0 | D:1      | Reached XP level 1. HP: 11/11 MP: 3/3
   123 | D:1      | Reached skill level 5 in Poison Magic
   355 | D:1      | Reached XP level 2. HP: 13/17 MP: 0/5
  1030 | D:1      | Reached XP level 3. HP: 21/21 MP: 0/6
  1167 | D:1      | Slain by a worker ant

Vault maps used:
D:1:      scummos_arrival_hexagon

Skill      XL: |  1 |
---------------+----+-----
Poison Magic   | 5 |  5.3
Fighting       | |  0.2
Dodging        | |  2.1
Stealth        | |  2.9
Unarmed Combat | |  0.2
Spellcasting   | |  2.3
Conjurations   | |  0.2

Action                   || total
-------------------------++-------
Melee: Unarmed           ||    15
       Constrict         ||     7
       Dagger            ||    17
       Tentacles         ||     7
 Cast: Sting             ||    31
  Eat: Chunk             ||     1
Armor: Skin              ||     7
Dodge: Dodged            ||    22
